 Dungeon Crawl Stone Soup version 0.29.1-15-g9cfb28693d (webtiles) character file.

Game seed: 11572107483820215821

224 MisterFreud the Sneak (level 5, -3/36 HPs)
             Began as a Felid Berserker on Apr 2, 2023.
             Was a Believer of Trog.
             Killed from afar by an orc wizard (4 damage)
             ... with a magic dart
             ... on level 5 of the Dungeon.
             The game lasted 00:03:58 (4758 turns).

MisterFreud the Sneak (Felid Berserker)             Turns: 4758, Time: 00:03:59

Health: -3/36      AC:  2    Str: 13    XL:     5   Next: 67%
Magic:  6/6        EV: 19    Int:  9    God:    Trog [**....]
Gold:   278        SH:  0    Dex: 17    Spells: 4/4 levels left
                                        Lives:  0   Deaths: 1

rFire   . . .      SeeInvis +     - Unarmed
rCold   . . .      Faith    .   (shield unavailable)
rNeg    . . .      Spirit   .   (body armour unavailable)
rPois   .          Reflect  .   (helmet unavailable)
rElec   .          Harm     .   (cloak unavailable)
rCorr   .          Rampage  .   (gloves unavailable)
Will    ++...                   (boots unavailable)
Stlth   ..........              (no amulet)
HPRegen 1.12/turn               (no ring)
MPRegen 0.10/turn               (no ring)

@: berserking, lethally poisoned (-3 -> -4), strong-willed, regenerating, very
quick
A: very small, claws 1, fangs 3, see invisible, speed 1, shaggy fur 2, stealthy
paws, no weapons or thrown items, no armour, multi-lived
a: Renounce Religion, Berserk, Trog's Hand


You were on level 5 of the Dungeon.
You worshipped Trog.
Trog was pleased with you.
You visited 2 branches of the dungeon, and saw 6 of its levels.

You collected 278 gold pieces.

Inventory:

Jewellery
 b - an amulet of guardian spirit
 k - a +4 ring of evasion
Wands
 a - a wand of paralysis (4)
Scrolls
 e - a scroll of blinking
 i - a scroll of magic mapping
Potions
 c - 2 potions of invisibility
 d - 3 potions of flight
 f - 3 potions of lignification {unknown}
 g - a potion of curing {unknown}
 h - a potion of berserk rage {unknown}
 j - 5 potions of mutation {unknown}
 l - a potion of cancellation {unknown}
 m - 2 potions of brilliance {unknown}
 n - a potion of haste


   Skills:
 - Level 3.3 Fighting
 - Level 4.4 Dodging
 - Level 6.0 Stealth
 + Level 5.8 Unarmed Combat


You had 4 spell levels left.
You didn't know any spells.
Your spell library was empty.

Dungeon Overview and Level Annotations

Branches:
Dungeon (5/15)             Temple (1/1) D:4

Altars:
Cheibriados
Dithmenos
Elyvilon
Fedhas
Hepliaklqana
Kikubaaqudgha
Makhleb
Nemelex Xobeh
Qazlal
Ru
Trog
Uskayaw
Vehumet
Wu Jian
Xom
Yredelemnul
The Shining One

Annotations:
D:4 Edmund


Innate Abilities, Weirdness & Mutations

You have sharp claws.
You have razor-sharp teeth.
You have supernaturally acute eyesight. (SInv)
You cover ground quickly. (Speed+)
You are covered in thick fur. (AC +2)
Your paws help you pounce on unaware monsters.
You are incapable of wielding weapons or throwing items.
You cannot wear armour.
You gain extra lives every three experience levels.


Message History

Your skin crawls.
You feel strong-willed.
You feel very sick.
The orc wizard hits you but does no damage.
You scratch the orc wizard.
The orc wizard is lightly wounded.
You feel sick.
The orc wizard casts a spell.
The orc wizard flickers and vanishes for a moment.
You barely miss the orc wizard.
The orc wizard is lightly wounded.
You feel sick. The orc wizard casts a spell at you.
You resist with almost no effort.
You scratch the orc wizard.
You bite the orc wizard, but do no damage.
The orc wizard is heavily wounded.
You feel sick.
The orc wizard hits you with a +0 dagger of venom.
* * * LOW HITPOINT WARNING * * *
You are more poisoned.
A red film seems to cover your vision as you go berserk!
You feel yourself moving faster!
You feel mighty!
You feel sick. The orc wizard closely misses you.
You claw the orc wizard!
The orc wizard is almost dead.
You feel sick.
The orc wizard hits you with a +0 dagger of venom.
* * * LOW HITPOINT WARNING * * *
You barely miss the orc wizard.
The orc wizard is almost dead.
* * * LOW HITPOINT WARNING * * *
You feel sick.
You barely miss the orc wizard. You claw the orc wizard.
The orc wizard is almost dead.
* * * LOW HITPOINT WARNING * * *
You feel sick.
The orc wizard gestures at you while chanting.
The magic dart hits you.
You die...

#..........#
#..........#
#..........#
####.......#.
+............
######.....#.
#.##### ##########
#.# +.....@o.####
#.# ########..[.#
#.#
##..##.####.######
#..###..†..†).....
###.########.#######
#~~.~~##.....#
#.≈~≈≈~≈~.#....#
#≈#≈~~≈≈#~≈.....
~≈≈≈≈≈o~~≈≈≈~.+#).


You could see an orc wizard (invisible).

Vanquished Creatures
  A necrophage (D:4)
  A hound (D:3)
  A jelly (D:4)
  Crazy Yiuf (D:3)
  An iguana (D:4)
  Ijyb (D:3)
  Natasha (thrice) (D:3)
  5 adders
  2 ufetubi (D:4)
  A worm (D:2)
  4 dart slugs
  11 orcs
  6 ball pythons
  2 endoplasms
  2 giant cockroaches (D:3)
  4 hobgoblins
  3 jackals (D:4)
  5 kobolds
  5 quokkas
  A bat (D:1)
  3 frilled lizards
  6 goblins
  6 rats
75 creatures vanquished.

Vanquished Creatures (others)
  A human (D:4)
1 creature vanquished.

Grand Total: 76 creatures vanquished

Notes
Turn   | Place    | Note
-------+----------+-------------------------------------------
     0 | D:1      | MisterFreud the Felid Berserker began the quest for the
                  | Orb.
     0 | D:1      | Reached XP level 1. HP: 10/10 MP: 2/2
   439 | D:1      | Reached XP level 2. HP: 14/14 MP: 3/3
  1035 | D:2      | Reached skill level 1 in Stealth
  1136 | D:2      | Reached XP level 3. HP: 17/17 MP: 4/4
  1680 | D:2      | Reached skill level 2 in Stealth
  1871 | D:3      | Noticed Ijyb
  1872 | D:3      | Paralysed by Ijyb for 3 turns
  1887 | D:3      | Killed Ijyb
  1888 | D:3      | Reached XP level 4. HP: 21/21 MP: 5/5
  2008 | D:3      | Noticed Natasha
  2018 | D:3      | Killed Natasha
  2019 | D:3      | Reached skill level 3 in Stealth
  2022 | D:3      | Reached ** piety under Trog
  2433 | D:3      | Noticed Natasha
  2441 | D:3      | Killed Natasha
  2442 | D:3      | Reached skill level 4 in Stealth
  2442 | D:3      | Reached XP level 5. HP: 10/24 MP: 6/6
  2988 | D:3      | Noticed Natasha
  2994 | D:3      | Killed Natasha
  3112 | D:3      | Found a runed translucent door.
  3113 | D:3      | Noticed Crazy Yiuf
  3120 | D:3      | Killed Crazy Yiuf
  3121 | D:3      | Reached skill level 5 in Stealth
  3226 | D:3      | Reached skill level 5 in Unarmed Combat
  3365 | D:4      | Found a staircase to the Ecumenical Temple.
  3376 | D:4      | Gained mutation: You are covered in thick fur. (AC +2)
                  | [Felid growth]
  3376 | D:4      | Reached XP level 6. HP: 21/28 MP: 7/7
  3388 | Temple   | Entered the Ecumenical Temple
  3887 | D:4      | Reached skill level 6 in Stealth
  4031 | D:4      | Found a bloodstained altar of Trog.
  4032 | D:4      | Noticed Edmund
  4163 | D:4      | Found an ancient bone altar of Kikubaaqudgha.
  4168 | D:4      | Noticed a human
  4172 | D:4      | Killed a human
  4493 | D:5      | Entered Level 5 of the Dungeon
  4541 | D:5      | Mangled by an ogre
  4542 | D:5      | Reached XP level 5. HP: -8/24 MP: 6/6
  4758 | D:5      | HP: 1/36 [poisoned by an orc wizard]
  4758 | D:5      | Killed from afar by an orc wizard

Illustrated notes

Levels and vault maps discovered:
D:1:      tarquinn_simple_flora_water_d, layout_basic
D:2:      layout_rooms
D:3:      layout_loops_ring, uniq_natasha, uniq_ijyb, uniq_crazy_yiuf_cottage
D:4:      layout_rooms, tgw_kikubaaqudgha, nicolae_overflow_hidden_temple,
          minmay_temple_entry_statues_fountains, uniq_edmund
D:5:      kennysheep_slugbush, layout_basic, dk_noncrumbling_4, uniq_sigmund
Temple:   nicolae_temple_no_exploring_needed

Skill      XL: |  1  2  3  4  5  6 |
---------------+-------------------+-----
Stealth        | 1 2 4 5 6 |  6.0
Unarmed Combat | 4 5 |  5.8
Fighting       | |  3.3
Dodging        | |  4.4

Action                   |  1- 3 |  4- 6 || total
-------------------------+-------+-------++-------
Melee: Unarmed           |    77 |   155 ||   232
       Bite              |     4 |    15 ||    19
       Punch             |     1 |     7 ||     8
Invok: Berserk           |     2 |     7 ||     9
       Trog's Hand       |       |     2 ||     2
  Use: Scroll            |     6 |     2 ||     8
 Stab: Sleeping          |     4 |     6 ||    10
Armor: Skin              |     1 |     9 ||    10
Dodge: Dodged            |    46 |   104 ||   150
